 Dungeon Crawl Stone Soup version 0.21.1-1-g345015f (webtiles) character file.

302 twistedcrescendo the Cudgeler (level 6, -4/87 HPs)
             Began as a Minotaur Berserker on June 19, 2018.
             Was a Believer of Trog.
             Slain by a gnoll
             ... wielding a +0 spear
              (5 damage)
             ... on level 3 of the Dungeon.
             The game lasted 00:11:37 (2165 turns).

twistedcrescendo the Cudgeler (Minotaur Berserker)  Turns: 2165, Time: 00:11:39

Health: -4/87      AC:  5    Str: 27    XL:     6   Next: 14%
Magic:  5/5        EV: 11    Int:  4    God:    Trog [**....]
Gold:   54         SH:  0    Dex: 11    Spells: 5/5 levels left

rFire    . . .     SeeInvis .   a - +0 mace
rCold    . . .     Gourm    .   (no shield)
rNeg     . . .     Faith    .   f - +0 ring mail
rPois    .         Spirit   .   (helmet restricted)
rElec    .         Reflect  .   (no cloak)
rCorr    .         Harm     .   (no gloves)
MR       ++...                  (no boots)
Stlth    ..........             (no amulet)
HPRegen  1.24/turn              (no ring)
MPRegen  0.09/turn              (no ring)

@: berserking (expiring), lethally poisoned (-4 -> -18), regenerating, very
quick
A: retaliatory headbutt, horns 2
a: Berserk, Trog's Hand, Burn Spellbooks, Renounce Religion


You were on level 3 of the Dungeon.
You worshipped Trog.
Trog was pleased with you.
You were very hungry.

You visited 1 branch of the dungeon, and saw 3 of its levels.

You collected 54 gold pieces.

Inventory:

Hand Weapons
 a - a +0 mace (weapon)
 g - a +0 mace
Armour
 b - a +0 animal skin
 f - a +0 ring mail (worn)
Jewellery
 i - an uncursed ring of stealth {unknown}
Scrolls
 d - 2 scrolls of identify {unknown}
 e - a scroll of remove curse {unknown}
 h - a scroll of teleportation {unknown}
 j - a scroll of fear {unknown}
 n - a scroll of blinking {unknown}
Potions
 k - a potion of heal wounds {unknown}
 l - a potion of flight {unknown}
Comestibles
 c - 3 rations
 m - 2 chunks of flesh


   Skills:
 + Level 6.3 Fighting
 + Level 6.3 Maces & Flails
 - Level 2.5 Armour
 - Level 2.3 Dodging


You had 5 spell levels left.
You didn't know any spells.

Dungeon Overview and Level Annotations

Branches:
Dungeon (3/15)

Altars:


Innate Abilities, Weirdness & Mutations

You reflexively headbutt those who attack you in melee.
You have a pair of horns on your head.


Message History

The gnoll is heavily wounded.
* * * LOW HITPOINT WARNING * * *
You feel sick. The gnoll closely misses you. The gnoll barely misses you.
You barely miss the gnoll. Your headbutt misses the gnoll.
The gnoll is heavily wounded.
* * * LOW HITPOINT WARNING * * *
You feel very sick. The gnoll barely misses you. You furiously retaliate!
You headbutt the gnoll!
You kill the gnoll!
Trog accepts your kill. The gnoll closely misses you.
The gnoll hits you but does no damage.
You are more poisoned.
You are too berserk!
You sock the gnoll! Your headbutt misses the gnoll.
The gnoll is almost dead.
* * * LOW HITPOINT WARNING * * *
You feel very sick. The gnoll hits you but does no damage.
The gnoll hits you from afar with a spear.
You die...

.# ... ###
..#. .. .....
.# .....g##.#
#gg@.#
......†)....#
.##.#.#.###.#
# #.#.# # .
#.# .. ..# ..
... ... ...


You could see 3 gnolls.

Vanquished Creatures
  2 orc wizards (D:3)
  Terence (D:2)
  An iguana (D:2)
  Robin (D:2)
  3 adders (D:2)
  8 gnolls
  2 oozes (D:1)
  A dart slug (D:2)
  5 leopard geckos
  2 orcs (D:3)
  8 bats
  15 goblins
  9 hobgoblins
  A frilled lizard (D:1)
  7 kobolds
  3 rats (D:1)
69 creatures vanquished.

Notes
Turn   | Place    | Note
-------+----------+-------------------------------------------
     0 | D:1      | twistedcrescendo the Minotaur Berserker began the quest for the Orb.
     0 | D:1      | Reached XP level 1. HP: 19/19 MP: 0/0
    94 | D:1      | Reached XP level 2. HP: 18/27 MP: 1/1
   427 | D:1      | Reached XP level 3. HP: 31/34 MP: 2/2
   533 | D:1      | Reached ** piety under Trog
   907 | D:2      | Reached XP level 4. HP: 7/41 MP: 3/3
  1278 | D:2      | Noticed Terence
  1288 | D:2      | Killed Terence
  1288 | D:2      | Reached skill level 5 in Fighting
  1288 | D:2      | Reached skill level 5 in Maces & Flails
  1351 | D:2      | Reached XP level 5. HP: 19/48 MP: 4/4
  1666 | D:2      | Noticed Robin
  1671 | D:2      | Killed Robin
  2162 | D:3      | Reached XP level 6. HP: 10/58 MP: 5/5
  2164 | D:3      | HP: 3/87 [poisoned by a gnoll]
  2165 | D:3      | HP: 1/87 [poisoned by a gnoll]
  2165 | D:3      | Slain by a gnoll

Skill      XL: |  1  2  3  4  5 |
---------------+----------------+-----
Fighting       | 4 5 6 |  6.3
Maces & Flails | 4 5 6 |  6.3
Armour         | |  2.5
Dodging        | |  2.3

Action                   |  1- 3 |  4- 6 || total
-------------------------+-------+-------++-------
Melee: Mace              |    78 |    81 ||   159
       Headbutt          |     9 |    14 ||    23
Invok: Berserk           |       |     2 ||     2
       Trog's Hand       |       |     2 ||     2
 Stab: Sleeping          |     1 |       ||     1
  Eat: Chunk             |       |     5 ||     5
Armor: Animal skin       |    11 |       ||    11
       Ring mail         |       |    26 ||    26
Dodge: Dodged            |    65 |    47 ||   112
